 Dungeon Crawl Stone Soup version 0.29-a0-813-g4a14ea37d6 (webtiles) character file.

Game seed: 5816057584749184946

308 gobodom the Covered (level 6, 0/53 HPs)
             Began as a Minotaur Fighter on July 4, 2022.
             Was a Believer of Zin.
             Slain by Duvessa
             ... wielding a +1 short sword of venom
              (7 damage)
             ... on level 4 of the Dungeon.
             The game lasted 00:08:26 (3195 turns).

gobodom the Covered (Minotaur Fighter)              Turns: 3195, Time: 00:08:27

Health: 0/53       AC: 12    Str: 21    XL:     6   Next: 16%
Magic:  6/6        EV:  6    Int:  5    God:    Zin [**....]
Gold:   179        SH:  4    Dex: 11    Spells: 5/5 levels left

rFire   . . .      SeeInvis .   a - +0 war axe
rCold   . . .      Faith    .   c - +0 buckler
rNeg    . . .      Spirit   .   h - +0 plate armour
rPois   .          Reflect  .   (helmet restricted)
rElec   .          Harm     .   (no cloak)
rCorr   .          Rampage  .   (no gloves)
Will    .....                   (no boots)
Stlth   ..........              (no amulet)
HPRegen 0.17/turn               (no ring)
MPRegen 0.10/turn               (no ring)

@: lethally poisoned (0 -> -14), hasted, very quick
A: horns 2, retaliatory headbutt
a: Renounce Religion, Recite, Vitalisation, Donate Gold


You were on level 4 of the Dungeon.
You worshipped Zin.
Zin was pleased with you.
You visited 1 branch of the dungeon, and saw 4 of its levels.

You collected 198 gold pieces.
You donated 19 gold pieces to Zin.

Inventory:

Hand Weapons
 a - a +0 war axe (weapon)
Missiles
 l - 2 throwing nets (quivered)
 p - 9 poisoned darts
 u - 3 boomerangs
Armour
 b - a +0 scale mail
 c - a +0 buckler (worn)
 h - a +0 plate armour (worn)
Magical Staves
 s - a staff of earth
Jewellery
 v - a ring of wizardry
Scrolls
 f - 2 scrolls of identify {unknown}
 g - a scroll of vulnerability {unknown}
 i - a scroll of poison {unknown}
 j - 2 scrolls of magic mapping {unknown}
 k - 3 scrolls of teleportation {unknown}
 m - a scroll of immolation {unknown}
 w - a scroll of noise {unknown}
 x - a scroll of silence {unknown}
Potions
 d - 3 potions of might
 e - 2 potions of haste
 n - 2 potions of magic {unknown}
 o - 2 potions of brilliance {unknown}
 q - a potion of curing {unknown}
 r - 2 potions of flight {unknown}
 t - a potion of degeneration {unknown}
 z - 2 potions of berserk rage {unknown}


   Skills:
 + Level 4.5 Fighting
 + Level 5.1 Axes
 + Level 5.4 Armour
 + Level 0.4 Dodging
 + Level 4.2 Shields
 * Level 1.7 Invocations


You had 5 spell levels left.
You didn't know any spells.
Your spell library contained the following spells:

 Spells                   Type           Power      Damage    Failure   Level
 Ensorcelled Hibernation  Hex/Ice        0%         N/A       100%        2
 Passwall                 Tmut/Erth      0%         N/A       100%        2
 Frozen Ramparts          Ice            0%         1d2       100%        3
 Swiftness                Air            0%         N/A       100%        3
 Tukima's Dance           Hex            0%         N/A       100%        3
 Ice Form                 Ice/Tmut       0%         N/A       100%        4
 Passage of Golubria      Tloc           0%         N/A       100%        4
 Summon Ice Beast         Ice/Summ       0%         N/A       100%        4
 Yara's Violent Unravell  Hex/Tmut       0%         3d3       100%        5


Dungeon Overview and Level Annotations

Branches:
Dungeon (4/15)
 Temple: D:4-7

Altars:
Zin

Annotations:
D:4 Dowan, Duvessa


Innate Abilities, Weirdness & Mutations

You have a pair of horns on your head.
You reflexively headbutt those who attack you in melee.


Message History

Dowan points at you and mumbles some strange words.
The puff of flame hits you but does no damage.
You barely miss Duvessa. Duvessa closely misses you.
You hit Duvessa.
Duvessa is lightly wounded.
Duvessa hits you but does no damage.
You are poisoned.
Duvessa hits you with a +1 short sword of venom.
You slash Duvessa!
Duvessa is heavily wounded.
You feel very sick.
Duvessa hits you with a +1 short sword of venom!
You hit Duvessa but do no damage.
Duvessa is moderately wounded.
You feel sick.
Dowan smirks and points a slender finger.
Duvessa hits you but does no damage.
You are more poisoned.
You slash Duvessa!
Duvessa is severely wounded.
You feel very sick.
Duvessa hits you with a +1 short sword of venom.
You barely miss Duvessa.
Duvessa is severely wounded.
You feel sick.
Duvessa hits you with a +1 short sword of venom!
You are more poisoned.
Duvessa hits you but does no damage.
You hit Duvessa.
Duvessa is almost dead.
* * * LOW HITPOINT WARNING * * *
You feel very sick.
Duvessa hits you with a +1 short sword of venom.
* * * LOW HITPOINT WARNING * * *
You are more poisoned.
It was a potion of haste.
You feel yourself speed up.
* * * LOW HITPOINT WARNING * * *
You feel very sick.
Duvessa hits you with a +1 short sword of venom!
You die...

#.....'.....#.......#........#
##'##########.##.....#......##
##...## #. #...##########
......# .. #.[..# ......#
#....# ......# #.)..# ......#
#....# ......# #))..# '######
#@#### .##..# #e# ....... .e.
....... ..... ....... .......
....... .....#..# .##....
########## ## .... ...


You could see Duvessa and Dowan.

Vanquished Creatures
  A centaur (D:4)
  A necrophage (D:3)
  7 gnolls (D:4)
  4 adders
  3 worms
  An orc (D:3)
  5 ball pythons
  2 bats
  4 endoplasms
  A giant cockroach (D:2)
  8 hobgoblins
  2 kobolds
  4 quokkas
  3 frilled lizards
  9 goblins
  6 rats
61 creatures vanquished.

Notes
Turn   | Place    | Note
-------+----------+-------------------------------------------
     0 | D:1      | gobodom the Minotaur Fighter began the quest for the Orb.
     0 | D:1      | Reached XP level 1. HP: 19/19 MP: 0/0
   315 | D:1      | Reached XP level 2. HP: 23/27 MP: 1/1
   995 | D:2      | Reached XP level 3. HP: 33/33 MP: 2/2
  1390 | D:2      | Found a faded altar of an unknown god.
  1397 | D:2      | Prayed at the altar of an unknown god.
  1397 | D:2      | Became a worshipper of Zin the Law-Giver
  1397 | D:2      | Reached * piety under Zin
  1397 | D:2      | Reached ** piety under Zin
  1869 | D:3      | Reached XP level 4. HP: 40/40 MP: 3/3
  2156 | D:3      | Noticed a necrophage
  2164 | D:3      | Killed a necrophage
  2615 | D:4      | Reached skill level 1 in Invocations
  2615 | D:4      | Reached XP level 5. HP: 46/46 MP: 4/4
  2735 | D:4      | Noticed a centaur
  2745 | D:4      | Killed a centaur
  2746 | D:4      | Reached skill level 5 in Armour
  3139 | D:4      | Reached XP level 6. HP: 51/53 MP: 6/6
  3180 | D:4      | Reached skill level 5 in Axes
  3181 | D:4      | Noticed Dowan
  3183 | D:4      | Noticed Duvessa
  3195 | D:4      | Slain by Duvessa

Illustrated notes

Levels and vault maps discovered:
D:1:      minmay_arrival_radiant_lines, layout_loops_ring
D:2:      minmay_wonky_spiral, layout_loops_cross, ebering_ecumenical_altar_webs
D:3:      layout_basic, minmay_distorted
D:4:      layout_gridville, uniq_duvessa

Skill      XL: |  1  2  3  4  5  6 |
---------------+-------------------+-----
Armour         | 4 5 |  5.4
Axes           | 3 4 5 |  5.1
Fighting       | 4 |  4.5
Shields        | 4 |  4.2
Invocations    | 1 |  1.7
Dodging        | |  0.4

Action                   |  1- 3 |  4- 6 || total
-------------------------+-------+-------++-------
Melee: War axe           |    84 |    55 ||   139
       Headbutt          |    20 |     5 ||    25
Invok: Recite            |     1 |     2 ||     3
  Use: Potion            |       |     1 ||     1
Armor: Scale mail        |     6 |       ||     6
       Plate armour      |    49 |    41 ||    90
Dodge: Dodged            |    23 |    22 ||    45
Block: Buckler           |    19 |    10 ||    29

Table legend: (Time is in decaauts)
 A = Elapsed time spent in this place.
 B = Non-inter-level travel time spent in this place.
 C = Inter-level travel time spent in this place.
 D = Time resting spent in this place.
 E = Time spent auto-exploring this place.
 F = Levels seen in this place.
 G = Mean time per level.
                   A        B        C        D        E       F      G
               +--------+--------+--------+--------+--------+-----+--------+
         Total |   3242 |   3106 |    136 |    201 |   2297 |   4 |  810.5 |
       Dungeon |   3242 |   3106 |    136 |    201 |   2297 |   4 |  810.5 |
               +--------+--------+--------+--------+--------+-----+--------+

Top non-repeatable levels by time:
     D:3: 960 daAuts
     D:2: 913 daAuts
     D:1: 765 daAuts
     D:4: 603 daAuts
